 Dungeon Crawl Stone Soup version 0.19-a0-816-geccf914 (webtiles) character file.

10 MrRokkomies the Grave Robber (level 2, 0/18 HPs)
             Began as an Octopode Necromancer on June 29, 2016.
             Slain by a jackal (1 damage)
             ... on level 1 of the Dungeon.
             The game lasted 00:02:22 (450 turns).

MrRokkomies the Grave Robber (Octopode Necromancer)  Turns: 450, Time: 00:02:23

Health: 0/18       AC:  1    Str:  7    XL:     2   Next: 20%
Magic:  3/5        EV: 12    Int: 17    God:
Gold:   45         SH:  0    Dex: 12    Spells: 2 memorised, 3 levels left

rFire  . . .     SeeInvis .     h - +0 mace
rCold  . . .     Gourm    .     (no shield)
rNeg   . . .     Faith    .     (helmet restricted)
rPois  .         Spirit   .     (no amulet)
rElec  .         Dismiss  .     (no ring)
rCorr  .         Reflect  .     (no ring)
SustAt .         Harm     .     (no ring)
MR     .....                    (no ring)
Stlth  +++.......               (no ring)
                                (no ring)
                                (no ring)
                                (no ring)

@: not resistant to hostile enchantments, fairly stealthy
A: almost no armour, amphibious, 8 rings, constrict 8, camouflage 1, gelatinous
body 1
a: no special abilities


You were on level 1 of the Dungeon.
You were not hungry.

You visited 1 branch of the dungeon, and saw 1 of its levels.

You collected 45 gold pieces.

Inventory:

Hand Weapons
 h - a +0 mace (weapon)
Scrolls
 e - 2 scrolls of remove curse {unknown}
 f - a scroll of enchant weapon {unknown}
Potions
 c - a potion of degeneration {unknown}
 d - a potion of lignification {unknown}
Books
 a - a book of Necromancy

   Spells                             Type                      Level
   a - Pain                           Necromancy                   1
   b - Animate Skeleton               Necromancy                   1
   c - Vampiric Draining              Necromancy                   3
   d - Regeneration                   Charms/Necromancy            3
   e - Animate Dead                   Necromancy                   4
   f - Control Undead                 Necromancy                   4
Comestibles
 b - a bread ration
 g - 2 beef jerkies


   Skills:
 * Level 1.5 Fighting
 - Level 2.0 Dodging
 - Level 2.6 Stealth
 - Level 2.0 Spellcasting
 * Level 4.1 Necromancy


You had 3 spell levels left.
You knew the following spells:

 Your Spells              Type           Power        Failure   Level  Hunger
a - Pain                  Necr           ###.         3%          1    #......
b - Animate Skeleton      Necr           N/A          3%          1    #......


Dungeon Overview and Level Annotations

Branches:
Dungeon (1/15)

Altars:


Innate Abilities, Weirdness & Mutations

You cannot wear most types of armour.
You are amphibious.
You can wear up to eight rings at the same time.
You can use your tentacles to constrict eight enemies at once.
Your skin changes colour to match your surroundings (Stealth+).
Your rubbery body absorbs attacks. (AC +1)


Message History

The kobold hits you with a dagger.
Your kobold skeleton barely misses the kobold.
The jackal barely misses you.
Casting: Pain
Confirm with . or Enter, or press ? or * to list all spells.
Aiming: Pain
Press: ? - help, Shift-Dir - straight line, f/p - kobold
Aim: a kobold, wielding a dagger (moderately wounded, chance to defeat MR: 92%)
The kobold convulses in agony!
The jackal bites you.
* * * LOW HITPOINT WARNING * * *
The kobold barely misses you.
Your kobold skeleton closely misses the kobold.
You closely miss the kobold. You grab the kobold.
The kobold is severely wounded.
You constrict the kobold.
You kill the kobold!
The jackal bites you.
* * * LOW HITPOINT WARNING * * *
The jackal bites you.
You die...

...... #.#.# #...#
....#...####.#.# #.#..
..............# #..)#
##..#...####.####.#.#.#
# ...#...#.........#####
#.##.....#.#.#####......
#......#.#.#.########..#
.......#.....#..Z.......
###
#..)@?#.###.#########
#<# ..>..#hZ.#...#.# #.#
##...#.#######.# #.#
#.#.#.Z...Z.# #.#
....#.#######
#####.#######.###.#
............#.# #.#
#####.#######.# #Z# #.#
##.###.#


You could see a jackal and a friendly kobold skeleton.

Vanquished Creatures
  2 hobgoblins (D:1)
  A jackal (D:1)
  A bat (D:1)
  2 giant newts (D:1)
  3 kobolds (D:1)
  2 rats (D:1)
11 creatures vanquished.

Notes
Turn   | Place    | Note
--------------------------------------------------------------
     0 | D:1      | MrRokkomies the Octopode Necromancer began the quest for the Orb.
     0 | D:1      | Reached XP level 1. HP: 11/11 MP: 3/3
    15 | D:1      | Learned a level 1 spell: Animate Skeleton
   124 | D:1      | Reached skill level 1 in Fighting
   134 | D:1      | Reached XP level 2. HP: 3/18 MP: 5/5
   450 | D:1      | Slain by a jackal

Vault maps used:
D:1:      lemuel_arrival_cross, minmay_split_cup_large

Skill      XL: |  1 |
---------------+----+-----
Fighting       | 1 |  1.5
Dodging        | |  2.0
Stealth        | |  2.6
Spellcasting   | |  2.0
Necromancy     | |  4.1

Action                   || total
-------------------------++-------
Melee: Dagger            ||    10
       Constrict         ||     8
       Unarmed           ||     5
       Tentacles         ||     1
       Mace              ||     9
 Cast: Animate Skeleton  ||     3
       Pain              ||     2
 Stab: Sleeping          ||     4
Armor: Skin              ||     4
Dodge: Dodged            ||    10
